 Dungeon Crawl Stone Soup version 0.17-a0-2101-g0c122e7 (webtiles) character file.

763 brucemayne the Cleaver (level 7, -1/57 HPs)
             Began as a Hill Orc Berserker on Oct 18, 2015.
             Was a Priest of Trog.
             Slain by a giant frog (4 damage)
             ... on level 7 of the Dungeon.
             The game lasted 00:07:31 (1403 turns).

brucemayne the Cleaver (Hill Orc Berserker)         Turns: 1403, Time: 00:07:31

Health: -1/57      AC: 12    Str: 23    XL:     7   Next: 81%
Magic:  7/7        EV:  9    Int:  8    God:    Trog [***...]
Gold:   301        SH:  0    Dex: 12    Spells: 0 memorised, 6 levels left

rFire  + . .     SeeInvis .     n - +0 war axe
rCold  + . .     Clarity  .     m - +0 plate armour
rNeg   . . .     SustAt   .     (no shield)
rPois  .         Gourm    .     l - +0 helmet
rElec  .         Spirit   .     (no cloak)
rCorr  .         Warding  .     (no gloves)
rMut   .         Stasis   .     (no boots)
MR     +++..                    (no amulet)
Stlth  ..........               q - ring of protection from cold
                                d - ring of protection from fire

@: regenerating, extremely resistant to hostile enchantments, extremely
unstealthy
A: repulsion field 1, agile 1, magic resistance 1, strong 1
a: Burn Spellbooks, Berserk, Trog's Hand, Renounce Religion


You were on level 7 of the Dungeon.
You worshipped Trog.
Trog was most pleased with you.
You were not hungry.

You visited 1 branch of the dungeon, and saw 7 of its levels.

You collected 301 gold pieces.

Inventory:

Hand Weapons
 a - a +0 hand axe
 n - a +0 war axe (weapon)
Missiles
 k - 21 poisoned needles
 p - 2 javelins (quivered)
Armour
 b - a +0 animal skin
 l - a +0 helmet (worn)
 m - a +0 plate armour (worn)
Jewellery
 d - a ring of protection from fire (left hand)
 q - a ring of protection from cold (right hand)
 t - an uncursed ring of ice
Scrolls
 e - a scroll of blinking {unknown}
 g - a scroll of enchant weapon {unknown}
 h - 3 scrolls of remove curse
 j - 2 scrolls of identify {unknown}
 o - a scroll of fog {unknown}
 u - a scroll of random uselessness {unknown}
Potions
 i - a potion of lignification {unknown}
 r - a potion of cure mutation {unknown}
 s - a potion of resistance {unknown}
Comestibles
 c - 3 bread rations
 f - a meat ration
 v - 3 chunks of flesh


   Skills:
 - Level 3.6 Fighting
 + Level 11.4 Axes
 - Level 2.1 Armour
 - Level 1.5 Dodging


You had 6 spell levels left.
You didn't know any spells.

Dungeon Overview and Level Annotations

Branches:
Dungeon (7/15)
 Temple: D:4-7

Altars:
Ashenzari
Qazlal
Yredelemnul


Innate Abilities, Weirdness & Mutations

You are surrounded by a mild repulsion field (EV +2).
You are agile. (Dex +2)
You are resistant to hostile enchantments.
Your muscles are strong. (Str +2)


Message History

Items here: ) [ †† a club; a plate armour; a gnoll corpse; an orc corpse You slash the giant frog!
The giant frog is heavily wounded.
The giant frog hits you but does no damage. x2
You closely miss the giant frog.
The giant frog is heavily wounded.
The giant frog hits you but does no damage.
You closely miss the giant frog.
The giant frog is heavily wounded.
The giant frog barely misses you. The giant frog hits you.
* * * LOW HITPOINT WARNING * * *
You hit the giant frog but do no damage.
The giant frog is heavily wounded.
The giant frog hits you.
* * * LOW HITPOINT WARNING * * *
You hit the giant frog but do no damage.
The giant frog is heavily wounded.
The giant frog hits you.
You die...

. # #. .#.. .##
####....# ..#
#........ .. ####.#
#.## #<...# #.
#..####.####
#..##.#)@..#
#.....F########## ##.
##..#.))####....#.o.F
#..##.#.)..#....#.O.
#..# #.####.#........
...# #.. #.(....#
##.. ##. ##.)...# ...
.# #(....# ## ..
#?.....#


You could see a giant frog.

Vanquished Creatures
  Duvessa (D:6)
  An orc warrior (D:6)
  An ice beast (D:7)
  An ogre (D:7)
  A giant frog (D:7)
  Dowan (D:6)
  3 hounds (D:7)
  2 orc priests
  Robin (D:3)
  2 adders
  3 gnolls (D:7)
  An ooze (D:1)
  A worm (D:3)
  2 giant geckos
  14 orcs
  A ball python (D:1)
  12 goblins
  4 hobgoblins
  A quokka (D:7)
  2 bats (D:2)
  3 giant cockroaches
  3 giant newts
  3 kobolds
  4 rats
68 creatures vanquished.

Notes
Turn   | Place    | Note
--------------------------------------------------------------
     0 | D:1      | brucemayne the Hill Orc Berserker began the quest for the Orb.
     0 | D:1      | Reached XP level 1. HP: 19/19 MP: 1/1
   167 | D:2      | Reached skill level 5 in Axes
   167 | D:2      | Reached XP level 2. HP: 8/26 MP: 2/2
   171 | D:1      | Gained mutation: You are surrounded by a mild repulsion field (EV +2). [potion of mutation]
   269 | D:1      | Reached XP level 3. HP: 16/31 MP: 3/3
   419 | D:2      | Reached ** piety under Trog
   489 | D:3      | Noticed Robin
   498 | D:3      | Killed Robin
   498 | D:3      | Reached skill level 6 in Axes
   591 | D:3      | Reached XP level 4. HP: 39/39 MP: 4/4
   732 | D:3      | Found a basalt altar of Yredelemnul.
   738 | D:3      | Reached skill level 7 in Axes
   927 | D:5      | Entered Level 5 of the Dungeon
   927 | D:5      | Found a stormy altar of Qazlal.
  1047 | D:6      | Gained mutation: Your muscles are strong. (Str +2) [potion of mutation]
  1047 | D:6      | Gained mutation: You are resistant to hostile enchantments. [potion of mutation]
  1047 | D:6      | Gained mutation: You are agile. (Dex +2) [potion of mutation]
  1060 | D:6      | Found a shattered altar of Ashenzari.
  1061 | D:6      | Noticed an orc warrior
  1079 | D:6      | Killed an orc warrior
  1079 | D:6      | Reached skill level 8 in Axes
  1079 | D:6      | Reached XP level 5. HP: 45/45 MP: 5/5
  1134 | D:6      | Noticed Dowan
  1135 | D:6      | Noticed Duvessa
  1183 | D:6      | Killed Duvessa
  1183 | D:6      | Reached skill level 9 in Axes
  1183 | D:6      | Reached XP level 6. HP: 51/51 MP: 6/6
  1192 | D:6      | Killed Dowan
  1317 | D:7      | Noticed an ice beast
  1319 | D:7      | Noticed an ogre
  1335 | D:7      | Killed an ice beast
  1335 | D:7      | Reached skill level 10 in Axes
  1335 | D:7      | Reached XP level 7. HP: 57/57 MP: 7/7
  1343 | D:7      | Killed an ogre
  1356 | D:7      | Reached *** piety under Trog
  1356 | D:7      | Reached skill level 11 in Axes
  1402 | D:7      | HP: 2/57 [giant frog (5)]
  1403 | D:7      | Slain by a giant frog

Vault maps used:
D:1:      dpeg_arrival_simpleton_b, minivault_27
D:2:      glass_columns_a, serial_park_tiny_1, minmay_misc_feat_ornament,
          kennysheep_generic_room_6
D:3:      yredelemnul_altar_generic, first_bread, minmay_ogre_servants,
          uniq_robin
D:5:      grunt_qazlal_sundering, minmay_temple_entry_nine_rooms,
          minmay_misc_feat_diagonals
D:6:      cheibrodos_ashenzari_chains, uniq_duvessa
D:7:      lemuel_ice_spiral_2

Action                   |  1- 3 |  4- 6 |  7- 9 || total
-------------------------+-------+-------+-------++-------
Melee: Hand axe          |    78 |    27 |       ||   105
       War axe           |       |    38 |    45 ||    83
Invok: Berserk           |     3 |     4 |       ||     7
       Trog's Hand       |       |     2 |     1 ||     3
  Use: Potion            |     2 |     4 |       ||     6
       Scroll            |       |     2 |       ||     2
 Stab: Sleeping          |     1 |     3 |       ||     4
  Eat: Chunk             |     2 |     2 |       ||     4
       Beef jerky        |       |     1 |       ||     1
       Meat ration       |       |     1 |       ||     1
